[Event "ICC tourney 2349 (60 10)"]
[Site "Internet Chess Club"]
[Date "2021.01.31"]
[Round "4"]
[White "AstonRoberts"]
[Black "Baseballchamp"]
[Result "0-1"]
[ICCResult "White checkmated"]
[WhiteElo "1670"]
[BlackElo "1925"]
[Opening "Sicilian: Alapin's variation (2.c3)"]
[ECO "B22"]
[NIC "SI.46"]
[Time "10:04:47"]
[PlyCount "104"]
[TimeControl "3600+10"]

1. e4 c5 2. c3 Nf6 3. e5 Nd5 4. Nf3 e6 5. Bc4 Nb6 6. Bb3 Nc6 7. d4 cxd4 8.
cxd4 d6 9. O-O dxe5 10. dxe5 Qxd1 11. Rxd1 Bd7 12. Nc3 Rc8 13. Be3 Na5 14.
Nd4 Nac4 15. Bxc4 Nxc4 16. Ne4 Nxe5 17. Nb3 Bc6 18. Rac1 Rd8 19. Rxd8+ Kxd8
20. Ng5 h6 21. Nh3 Bd6 22. Rd1 Ke7 23. Bd4 f6 24. Nf4 Nf3+ 25. gxf3 Bxf4
26. Bxa7 Ra8 27. Bc5+ Kf7 28. a3 Bxf3 29. Rd7+ Kg6 30. Nd4 Bd5 31. Ne2 Be5
32. h4 Rc8 33. b4 Ra8 34. f4 Bb2 35. Ng3 Bc6 36. Re7 Rxa3 37. f5+ exf5 38.
h5+ Kg5 39. Rxg7+ Kf4 40. Ne2+ Ke4 41. Rh7 Bb5 42. Re7+ Be5 43. Kf1 Ra1+
44. Kf2 Ra2 45. Rxb7 Rxe2+ 46. Kf1 Bd3 47. Rd7 Rd2+ 48. Ke1 Bc3 49. Re7+
Kd5 50. Rd7+ Kc4 51. Rc7 Re2+ 52. Kd1 Re1# { White checkmated } 0-1

[Event "ICC tourney 2349 (60 10)"]
[Site "Internet Chess Club"]
[Date "2021.01.31"]
[Round "4"]
[White "tomkunisky"]
[Black "Basher22"]
[Result "1-0"]
[ICCResult "Black checkmated"]
[WhiteElo "993"]
[BlackElo "1759"]
[Opening "Sicilian: dragon, classical attack"]
[ECO "B73"]
[NIC "SI.16"]
[Time "10:05:16"]
[PlyCount "67"]
[TimeControl "3600+10"]

1. e4 c5 2. Nf3 d6 3. d4 cxd4 4. Nxd4 Nf6 5. Nc3 g6 6. Be3 Bg7 7. Be2 O-O
8. O-O Nc6 9. f4 Bd7 10. f5 Ne5 11. h3 Bc6 12. Nxc6 bxc6 13. Qd2 d5 14.
exd5 Nxd5 15. Nxd5 Qxd5 16. Rad1 Qxa2 17. b3 Qa3 18. Bd4 Qd6 19. Qe3 Qc7
20. Ra1 Rfc8 21. Kh1 c5 22. Bc3 a5 23. Rae1 c4 24. Bxe5 Bxe5 25. Bxc4 Bf6
26. fxg6 hxg6 27. Qh6 Qg3 28. Re3 Qg5 29. Bxf7+ Kxf7 30. Qxg5 Kg7 31. Rxf6
exf6 32. Re7+ Kf8 33. Qxf6+ Kg8 34. Qg7# { Black checkmated } 1-0

[Event "ICC tourney 2349 (60 10)"]
[Site "Internet Chess Club"]
[Date "2021.01.31"]
[Round "4"]
[White "SuperBlueSky"]
[Black "Thoshan"]
[Result "1/2-1/2"]
[ICCResult "Game drawn because neither player has mating material"]
[WhiteElo "1562"]
[BlackElo "1916"]
[Opening "QGD: Orthodox defense, 7.Rc1"]
[ECO "D63"]
[NIC "QO.11"]
[Time "10:05:00"]
[PlyCount "124"]
[TimeControl "3600+10"]

1. d4 d5 2. c4 e6 3. Nc3 Be7 4. Nf3 Nf6 5. Bg5 O-O 6. e3 Nbd7 7. Rc1 h6 8.
Bh4 c6 9. Qc2 dxc4 10. Bxc4 Nb6 11. Bd3 c5 12. dxc5 Bxc5 13. O-O Be7 14.
Rfd1 Nfd5 15. Nxd5 exd5 16. Bxe7 Qxe7 17. a3 Bg4 18. Be2 Rac8 19. Qb3 Rc6
20. Nd4 Bxe2 21. Nxe2 Rfc8 22. Nc3 Qg5 23. Rd4 Rc4 24. Rcd1 Rxd4 25. Rxd4
Rc4 26. Qd1 Qf5 27. g3 Qe6 28. Qd3 Rxd4 29. Qxd4 a6 30. Kg2 Nc4 31. Qxd5
Qxd5+ 32. Nxd5 Nxb2 33. Kf3 Nc4 34. a4 b5 35. axb5 axb5 36. Ke2 Kf8 37. h3
f5 38. f4 h5 39. Kd3 Nd6 40. Nc3 b4 41. Ne2 Ne4 42. Kc4 Nf2 43. Kxb4 Nxh3
44. Kc4 Kf7 45. Kd4 Kf6 46. e4 fxe4 47. Kxe4 Nf2+ 48. Kf3 Nd3 49. Nd4 g5
50. fxg5+ Kxg5 51. Ne6+ Kf5 52. Ng7+ Kg5 53. Ne6+ Kf5 54. Nd4+ Kg5 55. Ne6+
Kf5 56. Nd4+ Kg5 57. Ne6+ Kf5 58. Ng7+ Kg5 59. Nxh5 Kxh5 60. g4+ Kg5 61.
Kg3 Ne5 62. Kh3 Nxg4 { Game drawn because neither player has mating
material } 1/2-1/2

[Event "ICC tourney 2349 (60 10)"]
[Site "Internet Chess Club"]
[Date "2021.01.31"]
[Round "4"]
[White "speedyplot"]
[Black "lemon365"]
[Result "1/2-1/2"]
[ICCResult "Game drawn by mutual agreement"]
[WhiteElo "1855"]
[BlackElo "2034"]
[Opening "Sicilian: Scheveningen, classical"]
[ECO "B44"]
[NIC "SI.39"]
[Time "10:04:59"]
[PlyCount "120"]
[TimeControl "3600+10"]

1. e4 c5 2. Nf3 e6 3. d4 cxd4 4. Nxd4 Nc6 5. Be3 Qc7 6. Be2 a6 7. O-O Nf6
8. Nc3 d6 9. f4 Be7 10. Bf3 Bd7 11. a4 Nxd4 12. Qxd4 Bc6 13. f5 e5 14. Qd3
b6 15. Kh1 h5 16. Rad1 Qb7 17. Qc4 b5 18. Qb3 b4 19. Nd5 Nxd5 20. exd5 Bd7
21. Be2 a5 22. c4 Rc8 23. Rc1 h4 24. Bd1 Qa6 25. Qd3 Bd8 26. b3 Bb6 27. Be2
Qa7 28. Bxb6 Qxb6 29. Bg4 f6 30. h3 Ke7 31. Qe4 Qc5 32. Be2 Rh7 33. Bd3
Rch8 34. Rce1 Kd8 35. Qe3 Kc7 36. Qxc5+ dxc5 37. Rd1 Kd6 38. Be4 Rh5 39.
Rf3 Rg5 40. Rdf1 Be8 41. Kh2 Rhh5 42. R3f2 Rg3 43. Rf3 Rhg5 44. Rxg3 Rxg3
45. Rf3 Rg5 46. g3 hxg3+ 47. Rxg3 Rxg3 48. Kxg3 Bh5 49. Bc2 Be2 50. Kf2 Bh5
51. Ke3 Ke7 52. h4 Bg4 53. Kf2 e4 54. Ke3 Bxf5 55. Bxe4 Bg4 56. Bf3 Bh3 57.
Be2 Kd6 58. Kf4 g6 59. Bd3 g5+ 60. hxg5 fxg5+ { Game drawn by mutual
agreement } 1/2-1/2

[Event "ICC tourney 2349 (60 10)"]
[Site "Internet Chess Club"]
[Date "2021.01.31"]
[Round "4"]
[White "turtlemasterjo"]
[Black "kaleblancman"]
[Result "0-1"]
[ICCResult "White checkmated"]
[WhiteElo "1655"]
[BlackElo "1825"]
[Opening "Caro-Kann: exchange variation"]
[ECO "B13"]
[NIC "CK.02"]
[Time "10:04:57"]
[PlyCount "162"]
[TimeControl "3600+10"]

1. e4 c6 2. d4 d5 3. exd5 cxd5 4. Bd3 Nc6 5. c3 Qc7 6. f4 Nf6 7. Nf3 Bg4 8.
O-O e6 9. Qe1 Be7 10. Nbd2 O-O 11. Ne5 Rad8 12. Ndf3 Bf5 13. Bxf5 exf5 14.
Nh4 g6 15. h3 Rfe8 16. Nhf3 Bd6 17. Qh4 Nh5 18. g4 Be7 19. Qf2 Ng7 20. Nh4
fxg4 21. hxg4 f5 22. gxf5 Bxh4 23. Qxh4 Nxf5 24. Qg5 Qe7 25. Re1 Qxg5+ 26.
fxg5 Re6 27. Bd2 Rde8 28. Nd7 Rxe1+ 29. Rxe1 Rxe1+ 30. Bxe1 Kf7 31. Nf6
Nce7 32. Ng4 Ke6 33. Kg2 Nd6 34. Nf6 h6 35. Bd2 Kf5 36. Nh7 Ne4 37. gxh6
Nxd2 38. Ng5 Kf6 39. Ne6 g5 40. Nf8 Ng6 41. Nd7+ Kf7 42. Ne5+ Nxe5 43. dxe5
Nc4 44. h7 Kg7 45. e6 Nd6 46. Kg3 Kxh7 47. Kg4 Kg6 48. e7 Kf7 49. Kxg5 Kxe7
50. b3 Ke6 51. Kf4 Nb5 52. c4 dxc4 53. bxc4 Na3 54. Ke4 Nxc4 55. Kd4 Ne5
56. Kc5 Nd3+ 57. Kc4 Nc1 58. a3 Kd6 59. Kb4 Kc6 60. Ka4 Ne2 61. Kb4 Nd4 62.
Ka4 Nb5 63. Kb4 Nxa3 64. Kxa3 Kc5 65. Kb3 b5 66. Kc3 a5 67. Kb3 Kd4 68. Ka3
Kc3 69. Ka2 a4 70. Ka1 Kc2 71. Ka2 b4 72. Ka1 Kc1 73. Ka2 b3+ 74. Ka3 b2
75. Kxa4 b1=Q 76. Ka5 Kc2 77. Ka6 Kc3 78. Ka7 Kc4 79. Ka8 Kc5 80. Ka7 Kc6
81. Ka6 Qa2# { White checkmated } 0-1

[Event "ICC tourney 2349 (60 10)"]
[Site "Internet Chess Club"]
[Date "2021.01.31"]
[Round "4"]
[White "atharvamchess"]
[Black "raawad"]
[Result "0-1"]
[ICCResult "White checkmated"]
[WhiteElo "1476"]
[BlackElo "1442"]
[Opening "Pirc: Sveshnikov system"]
[ECO "B07"]
[NIC "PU.07"]
[Time "10:04:46"]
[PlyCount "100"]
[TimeControl "3600+10"]

1. d4 d6 2. e4 Nf6 3. Nc3 g6 4. g3 Bg7 5. Bg2 O-O 6. Nge2 c5 7. dxc5 dxc5
8. O-O e5 9. Bg5 Nc6 10. Qxd8 Nxd8 11. Rad1 Ne6 12. Bxf6 Bxf6 13. Nd5 Bg7
14. c3 Re8 15. f4 exf4 16. gxf4 Rb8 17. e5 b6 18. Rd2 Ba6 19. b3 Red8 20.
c4 b5 21. Rc2 bxc4 22. Ne7+ Kf8 23. Nc6 cxb3 24. axb3 Bxe2 25. Rxe2 Nd4 26.
Ra2 Nxc6 27. Bxc6 Rxb3 28. Rxa7 Rb6 29. Be4 Rb4 30. Bc6 Bh6 31. f5 c4 32.
fxg6 Be3+ 33. Kh1 Bxa7 34. Rxf7+ Kg8 35. Rxa7 Rb2 36. gxh7+ Kh8 37. Bf3 Rf8
38. Bg2 Rb1+ 39. Bf1 Rbxf1+ 40. Kg2 Re1 41. Rc7 Rxe5 42. Rxc4 Rg5+ 43. Kh3
Kxh7 44. Rh4+ Kg6 45. Rh5 Rxh5+ 46. Kg4 Rxh2 47. Kg3 Rh7 48. Kg4 Rg7 49.
Kh4 Kf6 50. Kh3 Rh8# { White checkmated } 0-1

[Event "ICC tourney 2349 (60 10)"]
[Site "Internet Chess Club"]
[Date "2021.01.31"]
[Round "4"]
[White "outpost"]
[Black "colorfulcake"]
[Result "1-0"]
[ICCResult "Black resigns"]
[WhiteElo "1799"]
[BlackElo "1516"]
[Opening "QGD: exchange, positional line"]
[ECO "D35"]
[NIC "QO.16"]
[Time "10:04:44"]
[PlyCount "79"]
[TimeControl "3600+10"]

1. d4 Nf6 2. c4 e6 3. Nc3 d5 4. cxd5 exd5 5. Bg5 Be7 6. e3 h6 7. Bh4 Bf5 8.
Bd3 Bxd3 9. Qxd3 Nbd7 10. Nge2 O-O 11. O-O c6 12. f3 Re8 13. Rad1 Bd6 14.
Bf2 Qc7 15. Bg3 Bxg3 16. Nxg3 Rad8 17. Rc1 Nf8 18. Nce2 Qd7 19. e4 dxe4 20.
fxe4 N8h7 21. Qc2 Qe6 22. e5 Nd5 23. Qb3 Qd7 24. Nf5 Qc7 25. Qg3 f6 26.
Nxh6+ Kh8 27. Ng4 Qb6 28. Rc2 Re7 29. Kh1 Rde8 30. h3 Qa6 31. b3 Nb4 32.
Rd2 Qa5 33. Nf4 Rc7 34. Ng6+ Kg8 35. exf6 Nd5 36. Nh6+ gxh6 37. Ne7+ Kf7
38. Qg6+ Ke6 39. Re2+ Kd6 40. Nf5+ { Black resigns } 1-0

[Event "ICC tourney 2349 (60 10)"]
[Site "Internet Chess Club"]
[Date "2021.01.31"]
[Round "4"]
[White "nicochasin"]
[Black "davika21"]
[Result "1/2-1/2"]
[ICCResult "Game drawn by mutual agreement"]
[WhiteElo "2432"]
[BlackElo "1898"]
[Opening "Ruy Lopez: exchange variation"]
[ECO "C68"]
[NIC "RL.08"]
[Time "10:04:53"]
[PlyCount "156"]
[TimeControl "3600+10"]

1. e4 e5 2. Nf3 Nc6 3. Bb5 a6 4. Bxc6 dxc6 5. d4 exd4 6. Qxd4 Qxd4 7. Nxd4
c5 8. Nf3 Bd7 9. Nc3 O-O-O 10. Bf4 Ne7 11. O-O-O f6 12. e5 Ng6 13. Bg3 Bc6
14. Rxd8+ Kxd8 15. exf6 gxf6 16. Rd1+ Kc8 17. Nd5 Bxd5 18. Rxd5 Be7 19. h4
Rd8 20. Rxd8+ Kxd8 21. h5 Nf8 22. Kd2 Kd7 23. Nh4 Bd6 24. f4 Ke6 25. Ke3 f5
26. Nf3 Be7 27. c4 h6 28. Be1 Bf6 29. b3 Nd7 30. Nh2 Bd4+ 31. Kf3 Bg1 32.
Nf1 Nf6 33. Ng3 Bd4 34. a4 b6 35. a5 Bb2 36. b4 bxa5 37. bxa5 Ba3 38. Bc3
Bb4 39. Bxf6 Kxf6 40. Nf1 Bxa5 41. Ne3 Bb4 42. Nd5+ Kf7 43. Ke3 c6 44. Nb6
a5 45. Kd3 Ke6 46. Kc2 Kd6 47. Na4 Be1 48. Nb2 Bg3 49. Nd3 Bh4 50. Kb3 Bf6
51. Ka4 Bc3 52. Nc1 Bd2 53. Ne2 Be1 54. Kb3 Bb4 55. Nc1 Bd2 56. Nd3 Be3 57.
Kc2 Bd4 58. g3 Bg7 59. Kb3 Bf6 60. Nf2 Bd4 61. Nd3 Bg7 62. Ka3 Bf6 63. Ka4
Bc3 64. g4 fxg4 65. Nf2 Ke6 66. Nxg4 Kf5 67. Nxh6+ Kxf4 68. Nf7 Kf5 69.
Nd6+ Kg4 70. h6 Kh5 71. h7 Kg6 72. Ne4 Bd4 73. Kxa5 Kxh7 74. Kb6 Kg6 75.
Kxc6 Kf7 76. Nxc5 Ke7 77. Kd5 Bg1 78. Ne6 Kd7 { Game drawn by mutual
agreement } 1/2-1/2

[Event "ICC tourney 2349 (60 10)"]
[Site "Internet Chess Club"]
[Date "2021.01.31"]
[Round "4"]
[White "edmehu"]
[Black "Christopher166"]
[Result "1-0"]
[ICCResult "Black checkmated"]
[WhiteElo "2212"]
[BlackElo "1872"]
[Opening "Sicilian defense"]
[ECO "B20"]
[NIC "SI.48"]
[Time "10:04:55"]
[PlyCount "139"]
[TimeControl "3600+10"]

1. e4 c5 2. b3 Nc6 3. Bb2 e6 4. e5 d5 5. exd6 Qxd6 6. Nf3 e5 7. Nxe5 Nxe5
8. Qe2 f6 9. f4 Bg4 10. Qe3 O-O-O 11. fxe5 fxe5 12. Bxe5 Qd7 13. Nc3 a6 14.
Bxa6 bxa6 15. Qe4 Qxd2+ 16. Kf1 Ne7 17. Qxg4+ Qd7 18. Qxd7+ Rxd7 19. Rd1
Nc6 20. Rxd7 Kxd7 21. Bg3 Nb4 22. Ke2 Nxc2 23. Rc1 Nd4+ 24. Kd3 Be7 25. Ne4
Ne6 26. Kc4 Kc6 27. Rd1 Rd8 28. Rxd8 Nxd8 29. Bf2 Nb7 30. Bg3 g6 31. Bf4
Na5+ 32. Kd3 Kd5 33. Nc3+ Ke6 34. Ke4 Nc6 35. Nd5 Bd6 36. Be3 Ne7 37. Nb6
Nf5 38. Na4 Nxe3 39. Kxe3 Ke5 40. h3 Kd5 41. Kd3 Be5 42. Nb6+ Kc6 43. Nc4
Bd4 44. Ke4 Kb5 45. Kd5 a5 46. Nd6+ Kb4 47. Nb7 Bf2 48. Nd8 Ka3 49. Nc6 a4
50. Kc4 axb3 51. axb3 Kb2 52. Ne5 Bd4 53. Nd3+ Kc2 54. b4 cxb4 55. Nxb4+
Kd2 56. Kxd4 Ke2 57. Ke4 Kf2 58. g4 Kg3 59. g5 Kxh3 60. Kf4 Kh4 61. Nd5 Kh5
62. Nf6+ Kh4 63. Nxh7 Kh5 64. Nf8 Kh4 65. Nxg6+ Kh5 66. Ne7 Kh4 67. g6 Kh5
68. g7 Kh6 69. g8=Q Kh5 70. Qg5# { Black checkmated } 1-0

[Event "ICC tourney 2349 (60 10)"]
[Site "Internet Chess Club"]
[Date "2021.01.31"]
[Round "4"]
[White "ShadowApt"]
[Black "kaiphoenix"]
[Result "1-0"]
[ICCResult "Black resigns"]
[WhiteElo "2090"]
[BlackElo "1532"]
[Opening "Sicilian: closed"]
[ECO "B23"]
[NIC "SI.44"]
[Time "10:04:56"]
[PlyCount "129"]
[TimeControl "3600+10"]

1. e4 c5 2. Nc3 d6 3. f4 Nf6 4. Nf3 a6 5. g3 g6 6. Bg2 Bg7 7. O-O O-O 8. d3
Nc6 9. h3 Qc7 10. Be3 b5 11. g4 b4 12. Ne2 Bb7 13. g5 Nd7 14. c3 e6 15. Nh2
Ne7 16. Qe1 bxc3 17. bxc3 d5 18. Ng3 c4 19. d4 dxe4 20. Nxe4 Nf5 21. Rb1
Rab8 22. Ng4 Bxe4 23. Bxe4 Rxb1 24. Qxb1 Rb8 25. Qc2 Qa5 26. Bxf5 Qxf5 27.
Qxf5 exf5 28. Ne5 Bxe5 29. dxe5 Rb2 30. Rf2 Rxf2 31. Kxf2 Kf8 32. Ba7 Ke8
33. Ke3 Nf8 34. Kd4 Ne6+ 35. Kxc4 Nxf4 36. h4 Kd7 37. Be3 Ne6 38. Kd5 Nc7+
39. Kc5 f4 40. Bf2 Kc8 41. Kd6 Nb5+ 42. Ke7 Nxc3 43. Kxf7 Ne4 44. Be1 f3
45. e6 Nd6+ 46. Kg7 Kd8 47. Kxh7 Ke7 48. Kxg6 Kxe6 49. h5 Nf7 50. h6 a5 51.
h7 a4 52. Bf2 Ke7 53. Kg7 Nxg5 54. h8=Q Ne6+ 55. Kh6 Nd8 56. Qe5+ Kd7 57.
Qe3 Nf7+ 58. Kg7 Nd6 59. Qxf3 Ke6 60. Bc5 Nf5+ 61. Kf8 Ke5 62. Kf7 a3 63.
Bxa3 Nh6+ 64. Kg6 Ng8 65. Qf7 { Black resigns } 1-0

[Event "ICC tourney 2349 (60 10)"]
[Site "Internet Chess Club"]
[Date "2021.01.31"]
[Round "4"]
[White "Kyle2007"]
[Black "espark"]
[Result "1-0"]
[ICCResult "Black resigns"]
[WhiteElo "2038"]
[BlackElo "2322"]
[Opening "Sicilian defense"]
[ECO "B40"]
[NIC "SI.43"]
[Time "10:04:53"]
[PlyCount "141"]
[TimeControl "3600+10"]

1. e4 c5 2. Nf3 e6 3. c3 d5 4. exd5 exd5 5. d4 a6 6. dxc5 Bxc5 7. Bd3 Nf6
8. O-O O-O 9. h3 Nc6 10. Nbd2 Qc7 11. Nb3 Ba7 12. Bc2 h6 13. Qd3 Be6 14.
Be3 Bb8 15. Nbd4 Ne4 16. Ne2 Qe7 17. Bf4 Ba7 18. Ned4 Qf6 19. Bh2 Rfc8 20.
Rad1 Qg6 21. Nxe6 Qxe6 22. Qxd5 Qxd5 23. Rxd5 Nxf2 24. Rxf2 Bxf2+ 25. Kxf2
Nb4 26. Rd2 Nxc2 27. Rxc2 b5 28. Nd4 Re8 29. Re2 Red8 30. a3 Kf8 31. Kf3
Rac8 32. Re4 Rd7 33. g4 f6 34. Ke3 Kf7 35. Kd3 Rh8 36. Bf4 g5 37. Be3 h5
38. b3 hxg4 39. hxg4 Rh2 40. c4 bxc4+ 41. Kxc4 Rg2 42. a4 Re7 43. Rxe7+
Kxe7 44. Nf5+ Ke6 45. Nh6 Rc2+ 46. Kb4 Ke5 47. Ka5 Rc3 48. Bb6 Rxb3 49.
Kxa6 Rh3 50. Nf5 Kf4 51. Ne3 f5 52. gxf5 g4 53. f6 Rh7 54. Kb5 g3 55. a5
Ke5 56. Bd8 Ke4 57. a6 Rh8 58. Bb6 Ke5 59. a7 Rc8 60. Bc7+ Kxf6 61. Bb8 Re8
62. Nd5+ Kf5 63. a8=Q g2 64. Ne7+ Rxe7 65. Qxg2 Re3 66. Kc4 Re6 67. Kd5 Re7
68. Qf3+ Kg6 69. Be5 Rf7 70. Qg4+ Kh6 71. Qe6+ { Black resigns } 1-0

[Event "ICC tourney 2349 (60 10)"]
[Site "Internet Chess Club"]
[Date "2021.01.31"]
[Round "5"]
[White "rcww2020"]
[Black "fluffyhead101"]
[Result "1-0"]
[ICCResult "Black resigns"]
[WhiteElo "1674"]
[BlackElo "1473"]
[Opening "Sicilian: Smith-Morra gambit"]
[ECO "B21"]
[NIC "SI.47"]
[Time "13:00:20"]
[PlyCount "47"]
[TimeControl "3600+10"]

1. e4 c5 2. d4 cxd4 3. c3 Nf6 4. e5 Nd5 5. cxd4 Nc6 6. Nf3 d6 7. exd6 Qxd6
8. Nc3 Nb6 9. Be2 Bg4 10. d5 Bxf3 11. Bxf3 Ne5 12. Be2 Rd8 13. Bb5+ Ned7
14. O-O a6 15. Be2 Nf6 16. Qb3 Nfxd5 17. Nxd5 Qxd5 18. Qxb6 e6 19. Bf3 Qe5
20. Qxb7 Bd6 21. Bc6+ Kf8 22. g3 Rb8 23. Qd7 g6 24. Bf4 { Black resigns }
1-0

[Event "ICC tourney 2349 (60 10)"]
[Site "Internet Chess Club"]
[Date "2021.01.31"]
[Round "5"]
[White "IcePotato"]
[Black "ChessTempest"]
[Result "1-0"]
[ICCResult "Black checkmated"]
[WhiteElo "1298"]
[BlackElo "1016"]
[Opening "QGD Slav/Grünfeld: Schlechter variation"]
[ECO "D15"]
[NIC "SL.03"]
[Time "13:00:18"]
[PlyCount "103"]
[TimeControl "3600+10"]

1. d4 Nf6 2. c4 d5 3. Nc3 c6 4. Nf3 g6 5. Bg5 Bg7 6. e3 O-O 7. Be2 Bf5 8.
O-O Nbd7 9. Qd2 Nb6 10. cxd5 cxd5 11. Bd3 Ne4 12. Qc2 Rc8 13. Bf4 Nd7 14.
Ng5 e5 15. Ngxe4 Bxe4 16. Bxe4 exf4 17. Bxd5 fxe3 18. fxe3 Nb6 19. Bxb7 Rc7
20. Ba6 Nd5 21. Qd3 Nb4 22. Qe2 Re8 23. Bb5 Rxe3 24. Qd2 Bxd4 25. Kh1 Re5
26. Rad1 Rcc5 27. a3 Qa5 28. axb4 Bxc3 29. bxc3 Qxb5 30. bxc5 Qxc5 31. Qd8+
Kg7 32. Qd4 Qc7 33. Rfe1 f6 34. Rxe5 fxe5 35. Qd7+ Qxd7 36. Rxd7+ Kf6 37.
Rxa7 e4 38. Kg1 e3 39. Rxh7 Ke5 40. Kf1 Ke4 41. Ke2 g5 42. Rh3 g4 43. Rxe3+
Kf5 44. c4 Kf6 45. c5 Kg7 46. c6 g3 47. hxg3 Kf8 48. c7 Kg7 49. c8=Q Kh7
50. Qg4 Kh8 51. Re5 Kh7 52. Rh5# { Black checkmated } 1-0

[Event "ICC tourney 2349 (60 10)"]
[Site "Internet Chess Club"]
[Date "2021.01.31"]
[Round "5"]
[White "colorfulcake"]
[Black "vsausemicheal"]
[Result "1-0"]
[ICCResult "Black checkmated"]
[WhiteElo "1516"]
[BlackElo "1679"]
[Opening "Petrov's defense"]
[ECO "C42"]
[NIC "RG.03"]
[Time "13:00:22"]
[PlyCount "67"]
[TimeControl "3600+10"]

1. e4 e5 2. Nf3 Nf6 3. Nxe5 Nc6 4. Nxc6 dxc6 5. d4 Nxe4 6. Bc4 c5 7. Qe2
Qe7 8. Be3 Nd6 9. dxc5 Nxc4 10. Qxc4 Be6 11. Qb5+ c6 12. Qe2 O-O-O 13. O-O
Qd7 14. Nc3 Qc7 15. Rad1 Be7 16. a4 h5 17. b4 Qe5 18. Bd4 Qg5 19. f4 Qg6
20. b5 Bg4 21. Qxe7 Bxd1 22. Rxd1 Rhe8 23. Qh4 Qxc2 24. Qh3+ f5 25. bxc6
Rxd4 26. cxb7+ Kb8 27. Rf1 g6 28. Qf3 Qd3 29. Qc6 Qe3+ 30. Kh1 Rxf4 31.
Qd6+ Kxb7 32. Qd7+ Kb8 33. Rb1+ Ka8 34. Qb7# { Black checkmated } 1-0

[Event "ICC tourney 2349 (60 10)"]
[Site "Internet Chess Club"]
[Date "2021.01.31"]
[Round "5"]
[White "ScorpianFire7"]
[Black "turtlemasterjo"]
[Result "1-0"]
[ICCResult "Black resigns"]
[WhiteElo "1501"]
[BlackElo "1655"]
[Opening "Caro-Kann: exchange, Rubinstein variation"]
[ECO "B13"]
[NIC "CK.02"]
[Time "13:00:13"]
[PlyCount "59"]
[TimeControl "3600+10"]

1. e4 c6 2. d4 d5 3. exd5 cxd5 4. Bd3 Nc6 5. c3 Nf6 6. Bf4 g6 7. h3 Bg7 8.
Nd2 O-O 9. Ngf3 Kh8 10. O-O Bf5 11. Bxf5 gxf5 12. Re1 Rg8 13. Nf1 Ne4 14.
Rxe4 fxe4 15. Ng5 Rf8 16. Qh5 h6 17. Nxf7+ Rxf7 18. Qxf7 Qd7 19. Qg6 e5 20.
Bxh6 exd4 21. Bxg7+ Qxg7 22. Qh5+ Qh7 23. Qxd5 d3 24. Ng3 Re8 25. Re1 Rd8
26. Qxe4 d2 27. Qxh7+ Kxh7 28. Rd1 Ne5 29. Ne4 Nc4 30. b3 { Black resigns }
1-0

[Event "ICC tourney 2349 (60 10)"]
[Site "Internet Chess Club"]
[Date "2021.01.31"]
[Round "5"]
[White "SimonMango"]
[Black "ZhonglisMeteor"]
[Result "0-1"]
[ICCResult "White checkmated"]
[WhiteElo "1149"]
[BlackElo "1425"]
[Opening "English opening"]
[ECO "E61"]
[NIC "EO.64"]
[Time "13:00:32"]
[PlyCount "182"]
[TimeControl "3600+10"]

1. c4 g6 2. d4 Bg7 3. Nf3 Nf6 4. Nc3 e6 5. e4 d6 6. Bg5 h6 7. Bh4 g5 8. Bg3
Nh5 9. Bd3 Nf4 10. O-O Nc6 11. d5 exd5 12. exd5 Ne5 13. Re1 Bg4 14. Be2
Bxf3 15. Bxf3 Qd7 16. Qd2 O-O-O 17. Qe3 Rde8 18. Ne4 Kb8 19. Bxf4 Nxf3+ 20.
Qxf3 gxf4 21. Qxf4 Bxb2 22. Rab1 Be5 23. Nc5 Bxf4 24. Nxd7+ Kc8 25. Nf6 Re5
26. Ng4 Rg5 27. Nf6 Be5 28. Ne4 Rh5 29. Ng3 Rh4 30. Rbc1 Kd7 31. Rb1 b6 32.
Rec1 Rg8 33. Rb3 Rgg4 34. Rf3 f6 35. h3 Rxc4 36. Rxc4 Rxc4 37. Ra3 a5 38.
Rd3 h5 39. f4 Rxf4 40. Nxh5 Ra4 41. Rd2 Rc4 42. g4 Rc3 43. Kg2 Ke7 44. Ng7
Rg3+ 45. Kf2 Rxh3 46. Nf5+ Kf7 47. Kg1 Rc3 48. Re2 Rc4 49. Rg2 Bd4+ 50. Kh2
Be5+ 51. Kh3 Rc1 52. Ng3 Bxg3 53. Rxg3 Kg6 54. Re3 Kg5 55. Re4 f5 56. gxf5
Kxf5 57. Re2 Rc5 58. Re7 Kf4 59. Kh4 Kf5 60. Kh3 Kf6 61. Rd7 Ke5 62. Rh7
Kxd5 63. Rh5+ Kc4 64. Rxc5+ bxc5 65. Kg3 d5 66. Kf3 Kc3 67. Ke2 d4 68. Kd1
Kb2 69. Kd2 c4 70. Kd1 c3 71. a4 d3 72. Ke1 Kc1 73. Kf2 d2 74. Ke3 d1=Q 75.
Ke4 Qxa4+ 76. Kd5 c6+ 77. Kc5 Qb4+ 78. Kxc6 Kd2 79. Kd5 Kd3 80. Ke5 Ke3 81.
Kd5 Kd3 82. Ke5 Qd4+ 83. Kf5 Qe4+ 84. Kf6 Qd5 85. Ke7 Qc6 86. Kf7 Qd6 87.
Ke8 Qc7 88. Kf8 Ke4 89. Kg8 Kf5 90. Kf8 Kf6 91. Kg8 Qg7# { White checkmated
} 0-1

[Event "ICC tourney 2349 (60 10)"]
[Site "Internet Chess Club"]
[Date "2021.01.31"]
[Round "5"]
[White "Saga44"]
[Black "Basher22"]
[Result "0-1"]
[ICCResult "White resigns"]
[WhiteElo "974"]
[BlackElo "1759"]
[Opening "Sicilian: dragon, Yugoslav attack, 10.O-O-O"]
[ECO "B78"]
[NIC "SI.18"]
[Time "13:00:28"]
[PlyCount "82"]
[TimeControl "3600+10"]

1. e4 c5 2. Nf3 d6 3. d4 cxd4 4. Nxd4 Nf6 5. Nc3 g6 6. f3 Bg7 7. Be3 O-O 8.
Bc4 Nc6 9. Qd2 Bd7 10. O-O-O Rc8 11. a3 Nxd4 12. Qxd4 Ng4 13. Qd3 Nxe3 14.
Bxf7+ Rxf7 15. Qxe3 Qc7 16. Rd3 Bb5 17. Rd2 Bxc3 18. bxc3 Qxc3 19. Qxc3
Rxc3 20. Kb2 Rc7 21. Rc1 Rf8 22. c3 Rd8 23. e5 d5 24. f4 Rcd7 25. Kb3 Bc4+
26. Kb4 b6 27. a4 a5+ 28. Ka3 Rb7 29. Rb1 Rdb8 30. g4 b5 31. h4 b4+ 32.
cxb4 Rxb4 33. Rxb4 Rxb4 34. Rb2 Rxb2 35. Kxb2 e6 36. Kc3 Kf7 37. g5 Ke7 38.
Kd4 Bb3 39. Kc5 Bxa4 40. Kb6 d4 41. Kxa5 d3 { White resigns } 0-1

[Event "ICC tourney 2349 (60 10)"]
[Site "Internet Chess Club"]
[Date "2021.01.31"]
[Round "5"]
[White "HarperW"]
[Black "ETfhonehome"]
[Result "0-1"]
[ICCResult "White checkmated"]
[WhiteElo "1465"]
[BlackElo "1303"]
[Opening "Queen's pawn, Mason variation"]
[ECO "D00"]
[NIC "QP.08"]
[Time "13:00:27"]
[PlyCount "136"]
[TimeControl "3600+10"]

1. d4 d5 2. Bf4 Nf6 3. e3 g6 4. Nd2 Bg7 5. Ngf3 O-O 6. Be2 c5 7. c3 Nfd7 8.
O-O Nc6 9. Re1 e5 10. dxe5 Ndxe5 11. Nxe5 Nxe5 12. Nf3 Re8 13. Nxe5 Bxe5
14. Bxe5 Rxe5 15. Bf3 Be6 16. c4 Rb8 17. cxd5 Bxd5 18. Bxd5 Qxd5 19. Qxd5
Rxd5 20. Red1 Rbd8 21. Rxd5 Rxd5 22. Kf1 b5 23. Ke1 a5 24. Ke2 Kf8 25. Rc1
Ke7 26. Rc3 Kd6 27. Rd3 Rxd3 28. Kxd3 Kd5 29. e4+ Ke5 30. f3 f5 31. exf5
gxf5 32. g3 h5 33. h4 Kd5 34. g4 fxg4 35. fxg4 hxg4 36. Ke3 Ke5 37. h5 Kf5
38. h6 Kg6 39. Kf4 Kxh6 40. Kxg4 Kg6 41. Kf4 Kf6 42. Ke4 Ke6 43. Kd3 Kd5
44. Kc3 b4+ 45. Kd3 a4 46. Ke3 c4 47. Ke2 Ke4 48. Kd2 Kd4 49. Kc2 Ke3 50.
a3 b3+ 51. Kc3 Ke2 52. Kxc4 Kd2 53. Kb4 Kc2 54. Kxa4 Kxb2 55. Kb4 Kc2 56.
a4 b2 57. a5 b1=Q+ 58. Kc5 Qb7 59. Kc4 Kd2 60. Kc5 Kc3 61. Kd6 Qa6+ 62. Kc7
Qxa5+ 63. Kb7 Qc5 64. Ka8 Qe7 65. Kb8 Kb4 66. Kc8 Kb5 67. Kb8 Kb6 68. Ka8
Qb7# { White checkmated } 0-1

[Event "ICC tourney 2349 (60 10)"]
[Site "Internet Chess Club"]
[Date "2021.01.31"]
[Round "5"]
[White "BlueberryAngel"]
[Black "madscience08"]
[Result "0-1"]
[ICCResult "White resigns"]
[WhiteElo "1427"]
[BlackElo "1604"]
[Opening "Queen's pawn game"]
[ECO "D00"]
[NIC "QP.07"]
[Time "13:00:31"]
[PlyCount "70"]
[TimeControl "3600+10"]

1. d4 Nf6 2. Nc3 d5 3. Bf4 c6 4. Nf3 g6 5. e3 Bg7 6. Bd3 O-O 7. Ne5 Nbd7 8.
O-O Nh5 9. Nxd7 Bxd7 10. Bg5 f6 11. Bh4 f5 12. Ne2 Nf6 13. c4 Be6 14. Rc1
Rc8 15. Nf4 Bf7 16. Qe2 h6 17. Nh3 Qc7 18. Bg3 Qd7 19. Nf4 g5 20. Nh3 f4
21. exf4 g4 22. f5 gxh3 23. gxh3 dxc4 24. Bxc4 Bxc4 25. Qxc4+ Kh8 26. Qd3
Nh5 27. Rcd1 Qxf5 28. Qe3 Nxg3 29. fxg3 Qxh3 30. Qxe7 Bxd4+ 31. Rf2 Rxf2
32. Qe5+ Bxe5 33. Kxf2 Rf8+ 34. Ke2 Qg4+ 35. Ke1 Re8 { White resigns } 0-1